 Dungeon Crawl Stone Soup version 0.29-a0-284-gf9362112df (webtiles) character file.

Game seed: 6132924023916965281

25 yunder69 the Poker (level 2, 27/27 HPs)
             Began as a Minotaur Berserker on Mar 26, 2022.
             Was a Follower of Trog.
             Quit the game on level 2 of the Dungeon.
             The game lasted 00:00:53 (795 turns).

yunder69 the Poker (Minotaur Berserker)              Turns: 795, Time: 00:00:54

Health: 27/27      AC:  2    Str: 21    XL:     2   Next: 82%
Magic:  1/1        EV: 12    Int:  4    God:    Trog [*.....]
Gold:   56         SH:  0    Dex:  9    Spells: 1/1 levels left

rFire   . . .      SeeInvis .   a - +0 spear
rCold   . . .      Faith    .   (no shield)
rNeg    . . .      Spirit   .   b - +0 animal skin
rPois   .          Reflect  .   (helmet restricted)
rElec   .          Harm     .   (no cloak)
rCorr   .          Rampage  .   (no gloves)
Will    .....                   (no boots)
Stlth   +.........              (no amulet)
HPRegen 0.09/turn               (no ring)
MPRegen 0.07/turn               (no ring)

@: no status effects
A: horns 2, retaliatory headbutt
a: Renounce Religion, Berserk


You were on level 2 of the Dungeon.
You worshipped Trog.
Trog was aware of your devotion.
You visited 1 branch of the dungeon, and saw 2 of its levels.

You collected 56 gold pieces.

Inventory:

Hand Weapons
 a - a +0 spear (weapon)
Armour
 b - a +0 animal skin (worn)
Scrolls
 c - a scroll of enchant weapon {unknown}
 d - 3 scrolls of identify {unknown}
Potions
 e - a potion of cancellation {unknown}


   Skills:
 - Level 3.9 Fighting
 + Level 4.2 Polearms
 - Level 2.8 Armour
 - Level 2.5 Dodging


You had one spell level left.
You didn't know any spells.
Your spell library was empty.

Dungeon Overview and Level Annotations

Branches:
Dungeon (1/15)

Altars:


Innate Abilities, Weirdness & Mutations

You have a pair of horns on your head.
You reflexively headbutt those who attack you in melee.


Message History

You hit the giant cockroach.
You kill the giant cockroach!
Trog accepts your kill.
You see here a giant cockroach corpse.
Key pressed, stopping explore.
No target in view!
No target in view!
There is a shaft here.
d - 3 scrolls labelled XODEDECIHE (gained 1)
Found a short sword.
You see here a +0 short sword.
A bat comes into view.
A bat is nearby!
A bat is nearby!
You reach to attack!
The helpless bat fails to defend itself.
You hit the bat.
The bat is severely wounded.
The bat hits you but does no damage.
A bat is nearby!
You reach to attack!
You hit the bat.
You kill the bat!
Trog accepts your kill.
You see here a bat corpse.
There is a stone staircase leading down here.
Key pressed, stopping explore.
No target in view!
You now have 56 gold pieces (gained 13).
Done exploring.
Key pressed, stopping explore.
No target in view!
Done exploring.
No target in view!
Done exploring.
No target in view!
Done exploring.
No target in view!
Done exploring.
No target in view!
Are you sure you want to abandon this character and quit the game? (Confirm with "yes".)

# #.## ##.....# #
#..# #.....#
####.##############
.....##..........##
####..............##
#...............#
#...............#
####..............#
##..............@..#
...##..............#
.####.............##
### #.#..........##
..###...##########
#...)...# #####...#
#...# #...#


There were no monsters in sight!

Vanquished Creatures
  An adder (D:2)
  A ball python (D:2)
  An endoplasm (D:2)
  3 giant cockroaches (D:2)
  2 goblins (D:2)
  2 hobgoblins (D:2)
  A kobold (D:2)
  A quokka (D:2)
  A bat (D:2)
13 creatures vanquished.

Notes
Turn   | Place    | Note
-------+----------+-------------------------------------------
     0 | D:1      | yunder69 the Minotaur Berserker began the quest for the
                  | Orb.
     0 | D:1      | Reached XP level 1. HP: 19/19 MP: 0/0
    17 | D:1      | You fall into a shaft and drop 1 floor!
   158 | D:2      | Reached XP level 2. HP: 6/27 MP: 1/1
   469 | D:2      | Reached skill level 4 in Polearms
   795 | D:2      | Quit the game

Illustrated notes

Levels and vault maps discovered:
D:1:      lemuel_arrival_muddy, layout_rooms, serial_shops,
          nicolae_shop_bloodbath_and_beyond,
          chequers_ecumenical_altar_simple_redux, serial_bayou,
          serial_bayou_pond_e, serial_bayou_lagoon_b, serial_bayou_shore_b
D:2:      layout_rooms

Skill      XL: |  1  2 |
---------------+-------+-----
Polearms       | 4 |  4.2
Fighting       | |  3.9
Armour         | |  2.8
Dodging        | |  2.5

Action                   || total
-------------------------++-------
Melee: Spear             ||    40
       Headbutt          ||     4
       Punch             ||     1
Invok: Berserk           ||     1
 Stab: Sleeping          ||     2
Armor: Animal skin       ||     7
Dodge: Dodged            ||    20

Table legend: (Time is in decaauts)
 A = Elapsed time spent in this place.
 B = Non-inter-level travel time spent in this place.
 C = Inter-level travel time spent in this place.
 D = Time resting spent in this place.
 E = Time spent auto-exploring this place.
 F = Levels seen in this place.
 G = Mean time per level.
                   A        B        C        D        E       F      G
               +--------+--------+--------+--------+--------+-----+--------+
         Total |    800 |    800 |      0 |    200 |    503 |   2 |  400.0 |
       Dungeon |    800 |    800 |      0 |    200 |    503 |   2 |  400.0 |
               +--------+--------+--------+--------+--------+-----+--------+

Top non-repeatable levels by time:
     D:2: 783 daAuts
     D:1: 17 daAuts
